 Dungeon Crawl Stone Soup version 0.30-a0-385-gfebfb9b408 (webtiles) character file.

Game seed: 9001858094163590131

7057 Elric the Cleaver (level 10, -1/91 HPs)
             Began as a Minotaur Fighter on Dec 2, 2022.
             Was a Follower of the Shining One.
             Killed from afar by an orc wizard (7 damage)
             ... with a magic dart
             ... on level 9 of the Dungeon.
             The game lasted 00:10:16 (9099 turns).

Elric the Cleaver (Minotaur Fighter)                Turns: 9099, Time: 00:10:16

Health: -1/91      AC: 19    Str: 22    XL:     10   Next: 83%
Magic:  7/9        EV:  8    Int:  5    God:    the Shining One [*.....]
Gold:   522        SH: 17    Dex: 13    Spells: 9/9 levels left

rFire   + . .      SeeInvis .    n - +1 whip (elec)
rCold   . . .      Faith    .    c - +0 buckler
rNeg    . . .      Spirit   .    G - +0 plate armour
rPois   .          Reflect  +    (helmet restricted)
rElec   .          Harm     .    t - +1 cloak
rCorr   +          Rampage  .    m - +0 pair of gloves
Will    .....                    k - +0 pair of boots
Stlth   ..........               v - amulet of reflection
HPRegen 0.35/turn                f - ring of protection from fire
MPRegen 0.11/turn                b - ring of resist corrosion

@: divinely shielded, on berserk cooldown, slowed, glowing, very slow
A: horns 2, retaliatory headbutt
a: Renounce Religion, Divine Shield


You were on level 9 of the Dungeon.
You worshipped the Shining One.
The Shining One was aware of your devotion.
You visited 1 branch of the dungeon, and saw 9 of its levels.
You also visited: Sewer.

You collected 522 gold pieces.

Inventory:

Hand Weapons
 n - a +1 whip of electrocution (weapon)
 o - a +0 vorpal war axe
 u - a +1 spear of freezing
 H - a +0 quick blade
Armour
 c - a +0 buckler (worn)
 k - a +0 pair of boots (worn)
 m - a +0 pair of gloves (worn)
 t - a +1 cloak (worn)
 G - a +0 plate armour (worn)
Jewellery
 b - a ring of resist corrosion (right hand)
 f - a ring of protection from fire (left hand)
 v - an amulet of reflection (around neck)
 z - a ring of magical power
 D - a ring of flight
Wands
 r - a wand of digging (5)
 x - a wand of paralysis (8)
 B - a wand of flame (19)
 C - a wand of iceblast (31)
 F - a wand of mindburst (9)
Scrolls
 a - 2 scrolls of immolation
 e - 6 scrolls of identify
 h - 5 scrolls of blinking
 i - 10 scrolls of teleportation
 j - 2 scrolls of vulnerability
 y - 3 scrolls of fear
 K - a scroll of poison
Potions
 d - 2 potions of brilliance {unknown}
 g - a potion of mutation {unknown}
 l - 5 potions of degeneration {unknown}
 p - 4 potions of curing {unknown}
 q - 2 potions of attraction {unknown}
 s - a potion of haste {unknown}
 w - a potion of might
 A - a potion of magic {unknown}
 E - a potion of berserk rage
Miscellaneous
 I - a lightning rod (4/4)


   Skills:
 + Level 9.3 Fighting
 * Level 12.2 Axes
 + Level 8.5 Armour
 + Level 6.6 Dodging
 + Level 8.3 Shields
 + Level 2.5 Evocations


You had 9 spell levels left.
You didn't know any spells.
Your spell library contained the following spells:

 Spells                   Type           Power      Damage    Failure   Level
 Ozocubu's Armour         Ice            0%         N/A       100%        3
 Ozocubu's Refrigeration  Ice            0%         4d7       100%        7


Dungeon Overview and Level Annotations

Branches:
Dungeon (9/15)             Temple (0/1) D:7           Sewer (visited)
   Lair: D:8-11         Orc: D:9-12

Altars:
Cheibriados
Elyvilon
Okawaru
Vehumet
The Shining One

Shops:
D:5 *   D:6 *   D:8 (

Annotations:
D:8 exclusion: statue


Innate Abilities, Weirdness & Mutations

You have a pair of horns on your head.
You reflexively headbutt those who attack you in melee.


Message History

You feel yourself moving faster!
You feel mighty! The troll bites you!
* * * LOW HITPOINT WARNING * * *
You block the troll's attack. x2
You whack the troll!
You kill the troll!
You hit the howler monkey.
The howler monkey is moderately wounded.
You hit the howler monkey. You headbutt the howler monkey!
You kill the howler monkey!
You whack the howler monkey!
Lightning courses through the howler monkey!!
You kill the howler monkey!
An orc wizard comes into view. It is wielding a +0 short sword.
Things that are here:
a howler monkey corpse; a wolf corpse You feel a strong urge to attack something.
Items here: $ ) [ ††.
You see here a wolf corpse.
You feel your anger nearly subside.
You are no longer berserk.
You are exhausted.
You feel yourself slow down.
Items here: $ ) [ ††.
The orc wizard points at you and mumbles some strange words.
The magic dart hits you.
* * * LOW HITPOINT WARNING * * *
Things that are here:
a howler monkey corpse; a wolf corpse You hit the orc wizard.
The orc wizard is lightly wounded.
You block the orc wizard's attack.
You hit the orc wizard but do no damage.
You headbutt the orc wizard!
The orc wizard is severely wounded.
A centaur comes into view.
You block the orc wizard's attack.
You hit the orc wizard.
The orc wizard is almost dead.
The orc wizard points at you and mumbles some strange words.
The magic dart hits you!
You die...

.# ####### .# .......
##########.## .......
###...........#
.......###†............#
.......#.))#...........#
.......#@###......[.>..#
.......o.# #......<)[..#
.....$.### #.<...)([...#
....... #.......)...#
..c#### #...........# ..
#########.### . ###Y..#
###hY.### #.Y.###


You could see a centaur and an orc wizard.

Vanquished Creatures
  Pikel (D:6)
  A manticore (D:7)
  Maurice (D:8)
  A rime drake (D:9)
  A troll (D:9)
  A polar bear (D:8)
  13 yaks
  3 steam dragons
  2 water moccasins
  Edmund (D:5)
  2 black bears
  2 orc warriors (D:9)
  3 wolves (D:9)
  2 ogres
  A centaur (D:8)
  4 kobold brigands
  4 bullfrogs
  A necrophage (D:7)
  2 scorpions (D:6)
  A wight (D:8)
  4 killer bees
  5 howler monkeys
  A jelly (D:6)
  Crazy Yiuf (D:7)
  3 orc priests
  4 hounds
  3 orc wizards
  17 gnolls
  5 adders
  A shadow imp (D:5)
  4 white imps
  4 worms
  7 dart slugs
  25 orcs
  7 endoplasms
  8 giant cockroaches
  6 goblins
  3 hobgoblins
  5 jackals
  7 quokkas
  6 ball pythons
  10 bats
  3 frilled lizards
  21 kobolds
  A rat (D:1)
208 creatures vanquished.

Notes
Turn   | Place    | Note
-------+----------+-------------------------------------------
     0 | D:1      | Elric the Minotaur Fighter began the quest for the Orb.
     0 | D:1      | Reached XP level 1. HP: 19/19 MP: 0/0
   208 | D:1      | Reached skill level 3 in Axes
   208 | D:1      | Reached XP level 2. HP: 25/27 MP: 1/1
   709 | D:2      | Reached XP level 3. HP: 31/33 MP: 2/2
  1061 | D:2      | Reached skill level 4 in Axes
  1071 | D:2      | Reached XP level 4. HP: 37/41 MP: 3/3
  1494 | D:2      | Reached skill level 5 in Axes
  1496 | D:2      | Reached XP level 5. HP: 30/47 MP: 4/4
  1499 | D:2      | Reached skill level 5 in Fighting
  1836 | D:3      | Found a faded altar of an unknown god.
  2117 | D:3      | Reached skill level 6 in Axes
  2825 | D:4      | Found a glowing drain.
  2834 | D:4      | Reached XP level 6. HP: 56/56 MP: 5/5
  2851 | Sewer    | Entered a sewer
  2879 | Sewer    | Noticed a water moccasin
  2890 | Sewer    | Killed a water moccasin
  2891 | Sewer    | Reached skill level 1 in Dodging
  3309 | D:5      | Entered Level 5 of the Dungeon
  3871 | D:5      | Reached skill level 7 in Axes
  3871 | D:5      | Reached XP level 7. HP: 7/62 MP: 6/6
  4371 | D:5      | Found a glowing golden altar of the Shining One.
  4385 | D:5      | Noticed Edmund
  4400 | D:5      | Killed Edmund
  4409 | D:5      | Became a worshipper of the Shining One
  4690 | D:5      | Found a white marble altar of Elyvilon.
  4799 | D:5      | Found Jiopaa's Overcharged Wands.
  5207 | D:6      | Noticed Pikel
  5228 | D:6      | Killed Pikel
  5229 | D:6      | Reached skill level 8 in Axes
  5229 | D:6      | Reached skill level 5 in Armour
  5229 | D:6      | Reached skill level 5 in Shields
  5229 | D:6      | Reached XP level 8. HP: 63/71 MP: 7/7
  5591 | D:6      | Reached skill level 9 in Axes
  5771 | D:6      | Found Luarr's General Store.
  6185 | D:7      | Reached * piety under the Shining One
  6370 | D:7      | Found a snail-covered altar of Cheibriados.
  6408 | D:7      | Reached XP level 9. HP: 64/79 MP: 8/8
  6458 | D:7      | Found a staircase to the Ecumenical Temple.
  6458 | D:7      | Noticed a manticore
  6480 | D:7      | Killed a manticore
  6968 | D:7      | Reached skill level 10 in Axes
  7296 | D:7      | Found a runed translucent door.
  7297 | D:7      | Noticed Crazy Yiuf
  7305 | D:7      | Killed Crazy Yiuf
  7492 | D:8      | Reached skill level 5 in Dodging
  7548 | D:8      | Noticed Maurice
  7577 | D:8      | Killed Maurice
  7813 | D:8      | Reached skill level 11 in Axes
  7832 | D:8      | Reached XP level 10. HP: 90/90 MP: 9/9
  7980 | D:8      | Found Kocathaz's Firing Range.
  8025 | D:8      | Found a radiant altar of Vehumet.
  8309 | D:9      | Found an iron altar of Okawaru.
  8350 | D:9      | Reached skill level 1 in Evocations
  8710 | D:8      | HP: 3/91 [polar bear (20)]
  8971 | D:9      | Reached ** piety under the Shining One
  8991 | D:9      | Reached skill level 12 in Axes
  9099 | D:9      | Killed from afar by an orc wizard

Illustrated notes

Levels and vault maps discovered:
D:1:      minmay_arrival_hallway, layout_basic
D:2:      layout_basic, kennysheep_generic_room_3
D:3:      layout_basic, hellmonk_ecumenical_altar_heavens_door
D:4:      layout_cave_pools, serial_column_ruins, column_ruins_open_tiny,
          column_ruins_grid_4, column_ruins_grid_4,
          column_ruins_columns_straight, column_ruins_columns_straight,
          portal_sewer_entry_f, hex_large, minivault_27, minmay_misc_feat_doors,
          minmay_mini_jars
D:5:      layout_loops_corners, elyvilon_altar_3, old_standard_altar,
          eino_tiny_chamber, dreamdust_mushroom_princess,
          nicolae_shop_overcharged_wands, uniq_edmund
D:6:      layout_basic, serial_shops, nicolae_take_the_stairs, uniq_pikel
D:7:      layout_basic, chei_slow_surprise, minmay_temple_entry_mist,
          uniq_crazy_yiuf_cottage
D:8:      minmay_bubble_buster, layout_rooms, vehumet_statue,
          nicolae_shop_firing_range, uniq_maurice
D:9:      layout_roguey, okawaru_trees_1, nicolae_ashenzari_panopticon,
          mainiacjoe_overflow_catwalk, hellmonk_lair_entry_icy, orc_0_dummy,
          serial_shops, nicolae_shop_hallway_stairs, ebering_ghost_xom

Skill      XL: |  1  2  3  4  5  6  7  8  9 10 |
---------------+-------------------------------+-----
Axes           | 3 4 5 6 7 8 9 11 12 | 12.2
Fighting       | 4 5 6 7 8 9 |  9.3
Dodging        | 1 3 4 5 6 |  6.6
Shields        | 4 5 6 7 8 |  8.3
Armour         | 4 5 6 7 8 |  8.5
Evocations     | 2 |  2.5

Action                   |  1- 3 |  4- 6 |  7- 9 | 10-12 || total
-------------------------+-------+-------+-------+-------++-------
Melee: War axe           |    62 |    29 |       |       ||    91
       Headbutt          |     4 |    18 |    72 |    43 ||   137
       Spear             |       |   130 |    93 |       ||   223
       Quick blade       |       |    21 |       |       ||    21
       Whip              |       |       |   167 |   160 ||   327
Invok: Divine Shield     |       |       |       |     1 ||     1
  Use: Potion            |     2 |       |     1 |     2 ||     5
       Scroll            |       |     9 |       |     2 ||    11
Armor: Scale mail        |    35 |     2 |       |       ||    37
       Chain mail        |       |    43 |       |       ||    43
       Plate armour      |       |     4 |   152 |    93 ||   249
Dodge: Dodged            |    40 |    40 |    50 |    47 ||   177
Block: Buckler           |    16 |    26 |    37 |    98 ||   177

Table legend: (Time is in decaauts)
 A = Elapsed time spent in this place.
 B = Non-inter-level travel time spent in this place.
 C = Inter-level travel time spent in this place.
 D = Time resting spent in this place.
 E = Time spent auto-exploring this place.
 F = Levels seen in this place.
 G = Mean time per level.
                   A        B        C        D        E       F      G
               +--------+--------+--------+--------+--------+-----+--------+
         Total |   9048 |   8529 |    519 |   1512 |   5726 |  10 |  904.8 |
       Dungeon |   8904 |   8385 |    519 |   1512 |   5616 |   9 |  989.3 |
         Sewer |    143 |    143 |      0 |      0 |    110 |   1 |  143.0 |
               +--------+--------+--------+--------+--------+-----+--------+

Top non-repeatable levels by time:
     D:5: 1820 daAuts
     D:8: 1369 daAuts
     D:7: 1365 daAuts
     D:2: 915 daAuts
     D:6: 868 daAuts
     D:3: 866 daAuts
     D:1: 710 daAuts
     D:4: 701 daAuts
     D:9: 287 daAuts
   Sewer: 143 daAuts
